 Dungeon Crawl Stone Soup version 0.19-a0-1670-gc28a5d9 (webtiles) character file.

170 PurpleRed the Conjurer (level 5, 0/28 HPs)
             Began as a Deep Elf Conjurer on Sept 21, 2016.
             Slain by Dowan
             ... wielding a +0 dagger
              (5 damage)
             ... on level 4 of the Dungeon.
             The game lasted 00:09:37 (764 turns).

PurpleRed the Conjurer (Deep Elf Conjurer)           Turns: 764, Time: 00:09:37

Health: 0/28       AC:  2    Str:  5    XL:     5   Next: 26%
Magic:  15/23      EV: 13    Int: 21    God:
Gold:   28         SH:  0    Dex: 15    Spells: 2 memorised, 11 levels left

rFire  . . .     SeeInvis .     q - +2 short sword (protect)
rCold  . . .     Gourm    .     a - +0 robe
rNeg   . . .     Faith    .     (no shield)
rPois  .         Spirit   .     (no helmet)
rElec  .         Dismiss  .     (no cloak)
rCorr  .         Reflect  .     (no gloves)
MR     .....     Harm     .     (no boots)
Stlth  ++........               (no amulet)
                                (no ring)
                                m - ring of magical power

@: no status effects
A: no striking features
a: no special abilities


You were on level 4 of the Dungeon.
You were not hungry.

You visited 1 branch of the dungeon, and saw 4 of its levels.

You collected 28 gold pieces.

Inventory:

Hand Weapons
 f - a +1 dagger of speed
 o - a +1 dagger of venom
 q - a +2 short sword of protection (weapon)
Armour
 a - a +0 robe (worn)
Jewellery
 m - a ring of magical power (left hand)
Scrolls
 d - a scroll of fog {unknown}
 e - a scroll of remove curse {unknown}
 g - a scroll of magic mapping {unknown}
 j - a scroll of recharging {unknown}
 n - 3 scrolls of identify {unknown}
 p - a scroll of random uselessness {unknown}
 r - a scroll of enchant armour {unknown}
Potions
 k - 2 potions of curing {unknown}
 l - a potion of haste {unknown}
Books
 b - a book of Conjurations

   Spells                             Type                      Level
   a - Magic Dart                     Conjuration                  1
   b - Searing Ray                    Conjuration                  2
   c - Dazzling Spray                 Conjuration/Hexes            3
   d - Fulminant Prism                Conjuration/Hexes            4
   e - Iskenderun's Mystic Blast      Conjuration                  4
   f - Iskenderun's Battlesphere      Conjuration/Charms           5
Comestibles
 c - 2 bread rations
 h - 2 beef jerkies
 i - 3 fruits


   Skills:
 - Level 2.4 Dodging
 - Level 2.4 Stealth
 + Level 5.1 Spellcasting
 * Level 6.3 Conjurations


You had 11 spell levels left.
You knew the following spells:

 Your Spells              Type           Power        Failure   Level  Hunger
a - Magic Dart            Conj           ####         1%          1    None
b - Searing Ray           Conj           ####..       1%          2    None


Dungeon Overview and Level Annotations

Branches:
Dungeon (4/15)
 Temple: D:4-7

Altars:
Elyvilon

Annotations:
D:4 Dowan, Duvessa


Message History

Aim: Duvessa, wielding a short sword and wearing a leather armour (severely wounded, fast)
Okay, then.
Unknown command.
Casting: Searing Ray
Confirm with . or Enter, or press ? or * to list all spells.
Aiming: Searing Ray
Press: ? - help, Shift-Dir - straight line, f/p - Duvessa
Aim: Duvessa, wielding a short sword and wearing a leather armour (severely wounded, fast)
The searing ray hits Duvessa.
Duvessa is severely wounded.
Duvessa says, "Where magic fails, the sword succeeds!"
Duvessa hits you with a short sword. Dowan hits you with a dagger.
Duvessa hits you but does no damage.
The searing ray hits Duvessa.
Duvessa is severely wounded.
Duvessa hits you with a short sword!
* * * LOW HITPOINT WARNING * * *
Dowan says, "My weaknesses are her strengths!"
Dowan hits you with a dagger.
You die...

##.............
#..............
#..............
#..............
#.......$......
#..............
#.....e[.....#
#...e@.)...#
############


You could see Duvessa and Dowan.

Vanquished Creatures
  A howler monkey (D:3)
  An orc priest (D:3)
  Ijyb (D:2)
  3 adders
  A worm (D:3)
  3 orcs (D:3)
  A giant cockroach (D:2)
  3 goblins
  3 hobgoblins
  12 jackals
  A quokka (D:3)
  A ball python (D:3)
  3 bats
  4 frilled lizards
  A kobold (D:2)
  4 rats
43 creatures vanquished.

Notes
Turn   | Place    | Note
-------+----------+-------------------------------------------
     0 | D:1      | PurpleRed the Deep Elf Conjurer began the quest for the Orb.
     0 | D:1      | Reached XP level 1. HP: 10/10 MP: 6/6
    43 | D:2      | Reached XP level 2. HP: 7/15 MP: 0/8
    47 | D:2      | Learned a level 2 spell: Searing Ray
    88 | D:2      | Reached skill level 5 in Conjurations
   190 | D:3      | Reached XP level 3. HP: 19/19 MP: 2/10
   237 | D:3      | Reached XP level 4. HP: 21/24 MP: 0/12
   303 | D:4      | Noticed Duvessa
   303 | D:4      | Noticed Dowan
   326 | D:2      | Noticed Ijyb
   373 | D:2      | Killed Ijyb
   550 | D:3      | Reached skill level 6 in Conjurations
   667 | D:3      | Found a white marble altar of Elyvilon.
   670 | D:3      | Reached skill level 5 in Spellcasting
   670 | D:3      | Reached XP level 5. HP: 26/28 MP: 14/14
   764 | D:4      | Slain by Dowan

Vault maps used:
D:1:      scummos_arrival_star
D:2:      uniq_iyjb
D:3:      lemuel_round_altar, gup_sewer_entry_bowl, first_bread
D:4:      lemuel_zombie_altar_kikubaaqudgha, kennysheep_generic_room_11,
          uniq_natasha, uniq_duvessa, uniq_eustachio, uniq_menkaure

Skill      XL: |  1  2  3  4 |
---------------+-------------+-----
Conjurations   | 5 6 |  6.3
Spellcasting   | 4 5 |  5.1
Dodging        | |  2.4
Stealth        | |  2.4

Action                   |  1- 3 |  4- 6 || total
-------------------------+-------+-------++-------
Melee: Dagger            |    16 |    20 ||    36
       Short sword       |       |    13 ||    13
 Cast: Magic Dart        |    27 |    46 ||    73
       Searing Ray       |       |     6 ||     6
Armor: Robe              |     3 |    15 ||    18
Dodge: Dodged            |    10 |    54 ||    64
